[Event "Titled Tuesday Blitz January 25 2022"]
[White "Osmak, Yuliia"]
[Black "Holt, Conrad"]
[WhiteFideId "14101602"]
[BlackFideId "2034387"]
[WhiteElo "2302"]
[BlackElo "2586"]
[Result "1-0"]
[Round "03"]
[TimeControl "180+1"]
[Date "2022.01.26"]
[WhiteClock "0:00:09"]
[BlackClock "0:00:25"]

1. e4 e6 2. d4 d5 3. e5 c5 4. c3 Nc6 5. Nf3 Bd7 6. Be2 f6 7. c4 cxd4 8. cxd5 Qa5+ 9. Nbd2 Qxd5 10. Bc4 Qc5 11. O-O Nxe5 12. Nxe5 Qxe5 13. Re1 Qf5 14. Qb3 O-O-O 15. Rxe6 Kb8 16. Re1 Bc6 17. Bxg8 Qg4 18. f3 Qh5 19. Bf7 g6 20. Ne4 f5 21. Bf4+ Ka8 22. Ng3 Qh4 23. Be5 Bc5 24. Bxh8 Rxh8 25. Bd5 d3+ 26. Kh1 Bf2 27. Bxc6 bxc6 28. Qc3 Rc8 29. Re8 Rxe8 30. Qxc6+ Kb8 31. Qxe8+ Kb7 32. Qd7+ Kb6 33. Qd6+ Kb7 34. Rc1 Qa4 35. Rc7+ Ka8 36. Qd8# 1-0


[Site "https://www.chess.com"]

[Event "Titled Tuesday Blitz January 25 2022"]
[White "Pakleza, Zbigniew"]
[Black "Weishaeutel, Moritz"]
[WhiteFideId "1119290"]
[BlackFideId "12967300"]
[WhiteElo "2467"]
[BlackElo "2002"]
[Result "0-1"]
[Round "03"]
[TimeControl "180+1"]
[Date "2022.01.26"]
[WhiteClock "0:00:08"]
[BlackClock "0:00:07"]

1. d4 d5 2. Bf4 Nf6 3. e3 c5 4. c3 Nc6 5. Nd2 e6 6. Bd3 Bd6 7. Bxd6 Qxd6 8. f4 O-O 9. Ngf3 b6 10. a3 a5 11. Qe2 Nb8 12. O-O Ba6 13. Bxa6 Nxa6 14. Ne5 Nc7 15. a4 c4 16. b3 b5 17. axb5 Nxb5 18. bxc4 Nxc3 19. Qd3 Nce4 20. c5 Qc7 21. Rfb1 Rfb8 22. h3 Nxd2 23. Qxd2 Ne4 24. Rxb8+ Qxb8 25. Qc2 Qb4 26. Nd7 a4 27. Nb6 Ra6 28. Qd3 Qb2 29. Rb1 Qf2+ 30. Kh1 Qe1+ 31. Rxe1 Nf2+ 32. Kh2 Nxd3 33. Ra1 a3 34. Nd7 Nb4 35. Ne5 f6 36. Nf3 a2 37. Ne1 Ra3 38. Kg1 Rb3 39. Kf2 Rb1 40. Rxa2 Nxa2 41. c6 Rc1 42. Nd3 Rxc6 43. Kf3 Rc3 44. Nc5 e5 45. f5 e4+ 46. Kf4 Nb4 47. Ne6 Rc2 48. g4 Nd3+ 49. Kg3 Re2 50. Nc7 Rxe3+ 51. Kh4 Nf2 52. g5 Rxh3# 0-1


[Site "https://www.chess.com"]

[Event "Titled Tuesday Blitz January 25 2022"]
[White "Pap, Gyula"]
[Black "Vovk, Orest"]
[WhiteFideId "725323"]
[BlackFideId "14113490"]
[WhiteElo "2553"]
[BlackElo "2203"]
[Result "1-0"]
[Round "03"]
[TimeControl "180+1"]
[Date "2022.01.26"]
[WhiteClock "0:00:02"]
[BlackClock "0:00:04"]

1. e4 g5 2. d4 h6 3. h4 g4 4. h5 Bg7 5. c3 d5 6. Bd3 dxe4 7. Bxe4 Nf6 8. Qe2 Nxe4 9. Qxe4 c6 10. Ne2 Qd5 11. Nd2 Qxe4 12. Nxe4 Nd7 13. Bd2 Nf6 14. Nxf6+ Bxf6 15. Ng3 Bg5 16. O-O-O f6 17. f4 gxf3 18. gxf3 Bxd2+ 19. Kxd2 Rg8 20. Rhg1 Kf7 21. Ke3 Be6 22. a3 Rg5 23. Kf2 Rag8 24. Rde1 Bd5 25. Ne2 Rxh5 26. Rxg8 Kxg8 27. Nf4 Rh2+ 28. Kg3 Rxb2 29. Rxe7 Rb3 30. Nxd5 cxd5 31. a4 a5 32. Rd7 Rxc3 33. Rxd5 Rc4 34. Rxa5 Rxd4 35. Rb5 Rd7 36. Kg4 Kg7 37. f4 Kg6 38. f5+ Kg7 39. Kh5 Re7 40. a5 Rd7 41. Rb4 Rc7 42. Rg4+ Kf7 43. Kxh6 Rc5 44. Rg7+ Kf8 45. Rxb7 Rxa5 46. Kg6 Ra6 47. Rf7+ Kg8 48. Rg7+ Kf8 49. Rf7+ Kg8 50. Rxf6 Ra1 51. Rb6 Rg1+ 52. Kf6 Ra1 53. Rb8+ Kh7 54. Rb7+ Kg8 55. Rb8+ Kh7 56. Re8 Ra6+ 57. Re6 Ra8 58. Kf7 Ra7+ 59. Re7 Ra5 60. f6 Ra6 61. Rd7 Rb6 62. Ke7 1-0


[Site "https://www.chess.com"]

[Event "Titled Tuesday Blitz January 25 2022"]
[White "Papasimakopoulos, Alexandros"]
[Black "Siva Mahadevan"]
[WhiteFideId "4244125"]
[BlackFideId "25043153"]
[WhiteElo "2340"]
[BlackElo "2203"]
[Result "0-1"]
[Round "03"]
[TimeControl "180+1"]
[Date "2022.01.26"]
[WhiteClock "0:00:17"]
[BlackClock "0:01:18"]

1. d4 Nf6 2. c4 g6 3. Nc3 Bg7 4. e4 O-O 5. f3 d6 6. Nge2 c5 7. d5 e6 8. Ng3 exd5 9. cxd5 a6 10. a4 h5 11. Bg5 Qc7 12. Qd2 Nh7 13. Bh4 Nd7 14. Be2 Re8 15. O-O Bf6 16. Bxf6 Nhxf6 17. Nh1 Rb8 18. Nf2 Kg7 19. Rfe1 c4 20. Qd4 b5 21. axb5 axb5 22. Ra7 Qc5 23. Qxc5 Nxc5 24. Kf1 Bd7 25. Rea1 b4 26. Ncd1 Bb5 27. Ne3 c3 28. bxc3 bxc3 29. Nfd1 Bxe2+ 30. Kxe2 c2 31. Nxc2 Nxd5 32. Nce3 Nf4+ 33. Kf1 Rb3 34. R7a3 Reb8 35. Rxb3 Rxb3 36. h4 Kf6 37. Kf2 Ke5 38. Nc4+ Ke6 39. Nde3 Rc3 40. Ra2 Nfd3+ 41. Kg3 f5 42. exf5+ gxf5 43. Nxf5 Rxc4 44. Ng7+ Kf6 45. Nxh5+ Kg6 46. Ra8 Kxh5 47. Rd8 Rd4 48. Rh8+ Kg6 49. Rd8 Ne6 50. Rd7 Ne5 51. Kh3 Nxd7 0-1


[Site "https://www.chess.com"]

[Event "Titled Tuesday Blitz January 25 2022"]
[White "Petrovskyi, Vadym"]
[Black "Pajeken, Jakob Leon"]
[WhiteFideId "14165210"]
[BlackFideId "12942839"]
[WhiteElo "2424"]
[BlackElo "2351"]
[Result "1-0"]
[Round "03"]
[TimeControl "180+1"]
[Date "2022.01.26"]
[WhiteClock "0:00:49"]
[BlackClock "0:00:58"]

1. e4 e5 2. Nf3 Nc6 3. d4 exd4 4. Bc4 Bc5 5. c3 Nf6 6. cxd4 Bb4+ 7. Bd2 Nxe4 8. Bxb4 Nxb4 9. Bxf7+ Kxf7 10. Qb3+ d5 11. Qxb4 Rf8 12. O-O Kg8 13. Nbd2 a5 14. Qb3 a4 15. Qe3 Bg4 16. Ne5 Bf5 17. Rac1 c6 18. f3 Nxd2 19. Qxd2 Qh4 20. Qf2 Qxf2+ 21. Kxf2 Ra5 22. Rfe1 Rb5 23. Re2 g5 24. h3 Kg7 25. g4 Bg6 26. Kg3 Rf4 27. Rd1 Rb4 28. Red2 h6 29. h4 Kf6 30. Nd7+ Ke7 31. Ne5 Kf6 32. hxg5+ hxg5 33. a3 Rb3 34. Rh1 Kg7 35. Kg2 b6 36. Rc1 Be8 37. Rc3 Rxc3 38. bxc3 Kf6 39. Nd3 c5 40. Nxf4 gxf4 41. Rb2 b5 42. dxc5 Ke5 43. Re2+ 1-0


[Site "https://www.chess.com"]

[Event "Titled Tuesday Blitz January 25 2022"]
[White "Prieto Aranguren, Alain"]
[Black "Xiong, Jeffery"]
[WhiteFideId "2268906"]
[BlackFideId "2047640"]
[WhiteElo "2235"]
[BlackElo "2727"]
[Result "0-1"]
[Round "03"]
[TimeControl "180+1"]
[Date "2022.01.26"]
[WhiteClock "0:01:09"]
[BlackClock "0:00:44"]

1. d4 g6 2. c4 Bg7 3. Nc3 d6 4. Nf3 e5 5. dxe5 dxe5 6. Qxd8+ Kxd8 7. Bg5+ f6 8. O-O-O+ Nd7 9. Bd2 c6 10. h3 Kc7 11. e3 Nc5 12. Be2 a5 13. Kb1 Bf5+ 14. Ka1 a4 15. a3 Bc2 16. Bc1 Nb3+ 17. Ka2 Bxd1 18. Rxd1 Nh6 19. e4 Nxc1+ 20. Rxc1 Nf7 21. c5 Ra5 22. Nd1 Bh6 23. Rc4 Rha8 24. Nc3 Nd8 25. Bd1 Ne6 26. Rxa4 Rxa4 27. Nxa4 Rd8 28. Bb3 Nf4 29. g3 Nxh3 0-1


[Site "https://www.chess.com"]

[Event "Titled Tuesday Blitz January 25 2022"]
[White "Romanchuk, Viktor"]
[Black "Shipov, Sergei"]
[WhiteFideId "14109271"]
[BlackFideId "4113624"]
[WhiteElo "2242"]
[BlackElo "2776"]
[Result "1/2-1/2"]
[Round "03"]
[TimeControl "180+1"]
[Date "2022.01.26"]
[WhiteClock "0:02:05"]
[BlackClock "0:02:09"]

1. d4 d5 2. c4 dxc4 3. e3 e6 4. Bxc4 c5 5. Nf3 a6 6. O-O Nf6 7. dxc5 Qxd1 8. Rxd1 Bxc5 9. Be2 Nbd7 10. a3 O-O 11. b4 Be7 12. Bb2 a5 13. bxa5 Rxa5 14. Nbd2 Nb6 15. Nc4 Nxc4 16. Bxc4 b5 17. Bc3 Rxa3 1/2-1/2


[Site "https://www.chess.com"]

[Event "Titled Tuesday Blitz January 25 2022"]
[White "Ronka, Erik"]
[Black "Donchenko, Alexander"]
[WhiteFideId "505080"]
[BlackFideId "24603295"]
[WhiteElo "2264"]
[BlackElo "2539"]
[Result "0-1"]
[Round "03"]
[TimeControl "180+1"]
[Date "2022.01.26"]
[WhiteClock "0:00:20"]
[BlackClock "0:01:10"]

1. d4 d5 2. Nf3 Nf6 3. g3 Bf5 4. Bg2 h6 5. c4 c6 6. Nc3 e6 7. Qb3 Qb6 8. c5 Qxb3 9. axb3 Na6 10. Ra4 Nc7 11. Bf4 Nb5 12. Nxb5 cxb5 13. Ra5 a6 14. h3 b6 15. Ra1 bxc5 16. dxc5 Bxc5 17. O-O O-O 18. Ne5 Rfc8 19. g4 Bc2 20. Nd3 Bd4 21. Nb4 Bxb3 22. Rxa6 Rxa6 23. Nxa6 Bxb2 24. Rb1 Rc2 25. Nb4 Rxe2 26. Bf3 Bc2 27. Rxb2 Re1+ 28. Kg2 Be4 29. Bxe4 Nxe4 30. Nd3 Rd1 31. Nb4 d4 32. Kf3 f5 33. gxf5 exf5 34. Nc6 d3 35. Ne7+ Kf7 36. Nxf5 d2 37. Ne3 Re1 0-1


[Site "https://www.chess.com"]

[Event "Titled Tuesday Blitz January 25 2022"]
[White "Ruperez Benito, Antonio"]
[Black "Jakubowski, Krzysztof"]
[WhiteFideId "22245049"]
[BlackFideId "1112848"]
[WhiteElo "2249"]
[BlackElo "2365"]
[Result "1-0"]
[Round "03"]
[TimeControl "180+1"]
[Date "2022.01.26"]
[WhiteClock "0:00:35"]
[BlackClock "0:00:41"]

1. d4 Nf6 2. c4 e6 3. Nf3 d5 4. g3 Bb4+ 5. Qd2 Bxd2+ 6. Nbxd2 dxc4 7. Bg2 Nc6 8. e3 Nb4 9. O-O O-O 10. Nxc4 Bd7 11. Bd2 a5 12. a3 Nbd5 13. Nfe5 Bb5 14. Rfc1 a4 15. e4 Nb6 16. Nxb6 cxb6 17. Be3 Rc8 18. Rxc8 Qxc8 19. Rc1 Qa8 20. h3 Rc8 21. Rb1 Bd3 22. Nxd3 Qa6 23. Nb4 Qc4 24. Bf3 e5 25. dxe5 Nxe4 26. Rd1 Nc5 27. Rd4 Qb3 28. Rd2 h6 29. Bd5 Ne4 30. Bxb3 Nxd2 31. Bd5 Nc4 32. e6 Nxe3 33. exf7+ Kf8 34. fxe3 Rc1+ 35. Kf2 Rb1 36. Nd3 Rd1 37. Ke2 1-0


[Site "https://www.chess.com"]

[Event "Titled Tuesday Blitz January 25 2022"]
[White "Sadhwani, Raunak"]
[Black "Senthil Maran K"]
[WhiteFideId "35093487"]
[BlackFideId "25035681"]
[WhiteElo "2616"]
[BlackElo "2194"]
[Result "1-0"]
[Round "03"]
[TimeControl "180+1"]
[Date "2022.01.26"]
[WhiteClock "0:00:24"]
[BlackClock "0:00:01"]

1. e4 c6 2. Nf3 d5 3. d3 Qc7 4. exd5 cxd5 5. c4 Nf6 6. Nc3 e6 7. g3 Bd6 8. Bg2 O-O 9. O-O a6 10. Bg5 Nbd7 11. Rc1 Qa5 12. Bd2 Qb6 13. Na4 Qd8 14. c5 Bc7 15. b4 e5 16. Re1 Re8 17. Nc3 Nb8 18. Bg5 Be6 19. Nxe5 Nc6 20. d4 Nxb4 21. Qa4 h6 22. Qxb4 hxg5 23. Qxb7 Bxe5 24. dxe5 Nd7 25. Nxd5 Rc8 26. c6 Nxe5 27. Rxe5 Qd6 28. Rce1 Rb8 29. Qc7 1-0


[Site "https://www.chess.com"]

[Event "Titled Tuesday Blitz January 25 2022"]
[White "Samunenkov, Ihor"]
[Black "Poliannikov, Danila"]
[WhiteFideId "14187086"]
[BlackFideId "30935245"]
[WhiteElo "2406"]
[BlackElo "2527"]
[Result "1/2-1/2"]
[Round "03"]
[TimeControl "180+1"]
[Date "2022.01.26"]
[WhiteClock "0:00:06"]
[BlackClock "0:00:07"]

1. d4 Nf6 2. c4 e6 3. Nc3 d5 4. cxd5 exd5 5. Bg5 Be7 6. e3 O-O 7. Qc2 Nbd7 8. Bd3 c6 9. Nf3 Re8 10. O-O Nf8 11. h3 g6 12. Ne5 Ne6 13. f4 Ng7 14. g4 h5 15. Qg2 Ne6 16. Bxf6 Bxf6 17. gxh5 g5 18. fxg5 Bxe5 19. g6 Bf6 20. gxf7+ Kxf7 21. Qg6+ Ke7 22. Qxf6+ Kd7 23. Qxd8+ Nxd8 24. e4 dxe4 25. Nxe4 Kc7 26. Kh2 Ne6 27. Rf7+ Kb6 28. Nd6 Rd8 29. Nxc8+ Rdxc8 30. Bf5 Re8 31. Bxe6 Rxe6 32. Raf1 Rh8 33. Rd7 Rxh5 34. Rff7 Kb5 35. Rxb7+ Kc4 36. b3+ Kxd4 37. Rbd7+ Kc3 38. Rf3+ Kb4 39. Rd4+ Kc5 40. Rc4+ Kb5 41. h4 Re2+ 42. Kh3 Rxa2 43. Kg4 Rh8 44. Rf5+ Kb6 45. Rf6 Rg2+ 46. Kh3 Rb2 47. Rfxc6+ Kb5 48. R6c5+ Kb6 49. Rc6+ Kb5 50. R4c5+ Kb4 51. h5 Rxb3+ 52. Kh4 Rb1 53. Rc4+ Kb5 54. R4c5+ Kb4 55. Rf5 Rh1+ 56. Kg4 a5 57. Rb6+ Kc4 58. h6 R1xh6 59. Rf4+ Kd5 60. Rb5+ Kc6 61. Rxa5 Rg8+ 62. Kf3 Rhg6 63. Rc4+ Kb6 64. Rf5 Rg3+ 65. Ke2 Rg2+ 66. Kd3 R2g3+ 67. Kc2 Rg2+ 68. Kb3 R2g3+ 69. Kb4 R3g4 70. Rf6+ Kb7 71. Rf7+ Kb6 72. Rf6+ Kb7 73. Rf7+ Kb6 74. Rf6+ 1/2-1/2


[Site "https://www.chess.com"]

[Event "Titled Tuesday Blitz January 25 2022"]
[White "Sanal, Vahap"]
[Black "Golubev, Mikhail"]
[WhiteFideId "6300545"]
[BlackFideId "14100983"]
[WhiteElo "2603"]
[BlackElo "2374"]
[Result "1-0"]
[Round "03"]
[TimeControl "180+1"]
[Date "2022.01.26"]
[WhiteClock "0:00:37"]
[BlackClock "0:00:32"]

1. e4 c5 2. Nc3 d6 3. Nf3 Nc6 4. d4 cxd4 5. Nxd4 g6 6. Be3 Bg7 7. Qd2 Nf6 8. f3 O-O 9. O-O-O d5 10. exd5 Nxd5 11. Nxc6 bxc6 12. Bd4 e5 13. Bc5 Re8 14. Ne4 Qc7 15. h4 Rd8 16. h5 Bf5 17. h6 Bh8 18. Qf2 Nf6 19. Nd6 Be6 20. Bc4 Bxc4 21. Nxc4 Nd5 22. g4 Rab8 23. a3 Qb7 24. Bxa7 Qa6 25. b3 Ra8 26. Bc5 Re8 27. Rhe1 Nc3 28. Rd3 e4 29. fxe4 Nxe4 30. Rde3 1-0


[Site "https://www.chess.com"]

[Event "Titled Tuesday Blitz January 25 2022"]
[White "Santos Flores, Alberto"]
[Black "Evdokimov, Alexander A."]
[WhiteFideId "3601234"]
[BlackFideId "4139275"]
[WhiteElo "2293"]
[BlackElo "2444"]
[Result "1-0"]
[Round "03"]
[TimeControl "180+1"]
[Date "2022.01.26"]
[WhiteClock "0:00:31"]
[BlackClock "0:00:11"]

1. e4 d6 2. d4 Nf6 3. Nc3 g6 4. Be3 Bg7 5. Qd2 c6 6. Bh6 Bxh6 7. Qxh6 b5 8. Bd3 b4 9. Nce2 e5 10. Nf3 Qe7 11. O-O-O Bg4 12. dxe5 dxe5 13. Qe3 Nbd7 14. h3 Bxf3 15. Qxf3 O-O 16. g4 a5 17. Kb1 Nc5 18. h4 Rfd8 19. h5 Ne6 20. Bc4 Ng5 21. Qg2 Nfxe4 22. hxg6 Rxd1+ 23. Rxd1 hxg6 24. Bd3 Nc5 25. Qxc6 Rd8 26. Nc1 e4 27. Be2 Rxd1 28. Bxd1 Qe5 29. Be2 Kg7 30. Qb5 Nh3 31. Nb3 Nxf2 32. Qxc5 Qg3 33. Qd4+ Kh7 34. a4 Nxg4 35. Qxe4 Nf6 36. Qe7 Kg7 37. Nxa5 Nd5 38. Qe4 Qe1+ 39. Ka2 b3+ 40. Nxb3 Nf6 41. Qe5 Qh4 42. a5 Qa4+ 43. Kb1 Qh4 44. a6 Qe1+ 45. Ka2 Qg1 46. Qd4 Qe1 47. a7 1-0


[Site "https://www.chess.com"]

[Event "Titled Tuesday Blitz January 25 2022"]
[White "Sapunov, Evgeny"]
[Black "Di Nicolantonio, Lucas"]
[WhiteFideId "4126661"]
[BlackFideId "680460"]
[WhiteElo "2470"]
[BlackElo "2381"]
[Result "1-0"]
[Round "03"]
[TimeControl "180+1"]
[Date "2022.01.26"]
[WhiteClock "0:01:16"]
[BlackClock "0:00:04"]

1. c4 g6 2. d4 Bg7 3. e4 d6 4. Nc3 e5 5. Nge2 Nc6 6. Be3 Nh6 7. f3 f5 8. Qd2 Nf7 9. O-O-O O-O 10. h4 f4 11. Bf2 exd4 12. Nxd4 Nfe5 13. Kb1 Bd7 14. Nd5 Bh6 15. Nb5 Rc8 16. c5 a6 17. Nbc3 Be6 18. Be2 Na5 19. Qc2 Bg7 20. Qa4 Nac6 21. cxd6 cxd6 22. Nb6 Rc7 23. Rd2 Nd7 24. Ncd5 Be5 25. Rhd1 Nc5 26. Qa3 Rcf7 27. Nc4 Qe8 28. Nxd6 Bxd6 29. Bxc5 Bxc5 30. Qxc5 Bxd5 31. Rxd5 Kh8 32. Qc3+ Kg8 33. Bc4 Ne7 34. Rd7 h5 35. Qf6 Kh7 36. Bxf7 Rxf7 37. Qe5 Qf8 38. Rxb7 Nc6 39. Rxf7+ Qxf7 40. Qd5 Nb4 41. Qxf7+ 1-0


[Site "https://www.chess.com"]

[Event "Titled Tuesday Blitz January 25 2022"]
[White "Sarana, Alexey"]
[Black "Stribuk, Artiom"]
[WhiteFideId "24133795"]
[BlackFideId "13515659"]
[WhiteElo "2665"]
[BlackElo "2224"]
[Result "0-1"]
[Round "03"]
[TimeControl "180+1"]
[Date "2022.01.26"]
[WhiteClock "0:00:06"]
[BlackClock "0:00:06"]

1. d4 Nf6 2. c4 g6 3. Nc3 d5 4. cxd5 Nxd5 5. e4 Nxc3 6. bxc3 Bg7 7. Be3 c5 8. Nf3 Qa5 9. Qd2 Nc6 10. Rb1 a6 11. Rc1 cxd4 12. cxd4 Qxd2+ 13. Kxd2 O-O 14. h4 Rd8 15. d5 e6 16. Bc4 exd5 17. exd5 Be6 18. h5 Bxd5 19. Ke2 Bb2 20. hxg6 Bxc1 21. gxh7+ Kh8 22. Rxc1 Bxc4+ 23. Rxc4 Rd5 24. Ng5 f6 25. Ne6 Re5 26. Nc5 Na5 27. Rf4 Rc8 28. Nd7 Re6 29. Rxf6 Re7 30. Nb6 Rc2+ 31. Kd3 Rxa2 32. Bd4 Kxh7 33. Nd5 Rd7 34. Rf5 Ra3+ 35. Ke4 Rd6 36. Rf7+ Kg6 37. Rg7+ Kh6 38. Rc7 Ra4 39. f4 Nc6 40. Kf3 Rxd4 41. Kg4 R4xd5 42. Rxb7 Rg6+ 43. Kf3 Rd3+ 44. Ke4 Rdg3 45. f5 Rf6 46. Kf4 Rxg2 47. Rb1 Rg5 48. Rh1+ Rh5 49. Rg1 Rhxf5+ 50. Ke4 Re5+ 51. Kd3 Rg5 52. Kc4 Rxg1 53. Kd5 Rg5+ 0-1


[Site "https://www.chess.com"]

[Event "Titled Tuesday Blitz January 25 2022"]
[White "Saravana, Krishnan P."]
[Black "Zarubitski, Viachaslau"]
[WhiteFideId "5018382"]
[BlackFideId "13509373"]
[WhiteElo "2210"]
[BlackElo "2325"]
[Result "0-1"]
[Round "03"]
[TimeControl "180+1"]
[Date "2022.01.26"]
[WhiteClock "0:00:01"]
[BlackClock "0:01:23"]

1. e4 e5 2. Nf3 Nc6 3. Bb5 a6 4. Ba4 d6 5. O-O Bd7 6. Re1 g6 7. c3 Bg7 8. d4 Nge7 9. Be3 O-O 10. Nbd2 h6 11. Bb3 Kh7 12. Nf1 Qe8 13. Qd2 f5 14. dxe5 dxe5 15. Rad1 Rd8 16. Bc5 fxe4 17. Rxe4 Bf5 18. Qe2 Rxd1 19. Bxd1 Bxe4 20. Qxe4 Rf4 21. Qe1 e4 22. N3d2 Nd5 23. Bc2 Nf6 24. Ng3 Ne5 25. Be3 Nd3 26. Qe2 Rh4 27. Ndxe4 Nxe4 28. Bxd3 Nxg3 29. hxg3 Ra4 30. Bb1 Ra5 31. Qf3 c6 32. b4 Rd5 33. g4 Bxc3 34. g5 hxg5 35. Qh5+ Kg7 36. Qf3 Qf7 37. Qe2 Bd4 38. Bd2 Bxf2+ 39. Kh1 Bd4 40. Be1 Re5 41. Qd2 Qf1+ 42. Kh2 Qg1+ 43. Kh3 Qh1+ 44. Kg4 Qh5+ 45. Kg3 Qh4+ 46. Kf3 g4+ 47. Kf4 g3+ 48. Kf3 Re3+ 49. Qxe3 Bxe3 50. Kxe3 Qh1 0-1


[Site "https://www.chess.com"]

[Event "Titled Tuesday Blitz January 25 2022"]
[White "Selbes, Tarik"]
[Black "Rustemov, Alexander"]
[WhiteFideId "6302513"]
[BlackFideId "4119002"]
[WhiteElo "2290"]
[BlackElo "2739"]
[Result "1/2-1/2"]
[Round "03"]
[TimeControl "180+1"]
[Date "2022.01.26"]
[WhiteClock "0:00:08"]
[BlackClock "0:00:06"]

1. Nf3 d5 2. g3 Nf6 3. Bg2 c6 4. O-O Bf5 5. c4 e6 6. Nc3 dxc4 7. b3 cxb3 8. Qxb3 Qb6 9. d3 Qxb3 10. axb3 Nbd7 11. Be3 Bc5 12. Nd4 Bg6 13. Na4 Be7 14. b4 Bxb4 15. Rfb1 a5 16. Nc2 Nd5 17. Nxb4 axb4 18. Bd4 O-O 19. e4 Nc7 20. Nc5 Nxc5 21. Bxc5 Rfc8 22. Bxb4 Nb5 23. Bf1 e5 24. f4 f6 25. Bh3 Rxa1 26. Rxa1 Rd8 27. fxe5 fxe5 28. Be6+ Bf7 29. Bc4 Bxc4 30. dxc4 Nd6 31. Bxd6 Rxd6 32. Ra8+ Kf7 33. Rb8 Rd4 34. Rxb7+ Kf6 35. c5 Rc4 36. Kf2 Rxc5 37. Kf3 h5 38. h3 Rc3+ 39. Kf2 g5 40. g4 Rxh3 41. gxh5 Rxh5 42. Rc7 g4 43. Kg3 Rh3+ 44. Kxg4 Rc3 45. Rd7 Ke6 46. Rh7 Re3 47. Rh6+ Kd7 48. Kf5 c5 49. Kxe5 Rd3 50. Rh7+ Kc6 51. Rh6+ Kb5 52. Ke6 c4 53. e5 c3 54. Rh1 Kc4 55. Kf7 Rf3+ 56. Ke7 c2 57. e6 Rd3 58. Rc1 Kc3 59. Kf7 Rf3+ 60. Kg7 Re3 61. Kf7 Rf3+ 62. Kg7 Kd2 63. Rxc2+ Kxc2 64. e7 Re3 65. Kf7 Rxe7+ 66. Kxe7 1/2-1/2


[Site "https://www.chess.com"]

[Event "Titled Tuesday Blitz January 25 2022"]
[White "Seletsky, Grigory"]
[Black "De Silva, L M S T"]
[WhiteFideId "14112191"]
[BlackFideId "9953698"]
[WhiteElo "2492"]
[BlackElo "1631"]
[Result "1/2-1/2"]
[Round "03"]
[TimeControl "180+1"]
[Date "2022.01.26"]
[WhiteClock "0:01:05"]
[BlackClock "0:01:30"]

1. d4 Nf6 2. c3 e6 3. Bf4 b6 4. e3 Bb7 5. h3 c5 6. Nf3 Nc6 7. Nbd2 d5 8. Bd3 Bd6 9. Bxd6 Qxd6 10. O-O O-O 11. Be2 Rad8 12. a3 e5 13. dxe5 Nxe5 14. Nxe5 Qxe5 15. Re1 Qe7 16. Qc2 Rd6 17. Rad1 Rfd8 18. Bf3 Ne4 19. Nxe4 dxe4 20. Rxd6 Rxd6 21. Be2 f5 22. Rd1 Qd8 23. Rxd6 Qxd6 24. Qd1 Qxd1+ 25. Bxd1 Kf7 26. Bb3+ Kf6 27. h4 h6 28. g3 g5 29. hxg5+ hxg5 30. Kf1 Ke5 31. Ke2 Bd5 32. Bxd5 Kxd5 33. b3 b5 34. Kf1 a5 35. Ke2 a4 36. c4+ Kc6 37. bxa4 bxa4 38. f3 exf3+ 39. Kxf3 Kd6 40. e4 Ke5 41. exf5 Kxf5 42. g4+ Ke5 43. Ke3 Kf6 44. Kf3 Ke7 45. Ke2 Kd7 46. Kd3 1/2-1/2


[Site "https://www.chess.com"]

[Event "Titled Tuesday Blitz January 25 2022"]
[White "Seo, Jung Min"]
[Black "Suarez Uriel, Adrian"]
[WhiteFideId "1734687"]
[BlackFideId "22230874"]
[WhiteElo "2401"]
[BlackElo "2316"]
[Result "1/2-1/2"]
[Round "03"]
[TimeControl "180+1"]
[Date "2022.01.26"]
[WhiteClock "0:00:19"]
[BlackClock "0:00:27"]

1. d4 Nf6 2. c4 g6 3. Nc3 d5 4. cxd5 Nxd5 5. Qa4+ Bd7 6. Qb3 Nxc3 7. bxc3 c5 8. Nf3 Bg7 9. e3 Nc6 10. Be2 O-O 11. O-O b5 12. Ba3 b4 13. cxb4 cxd4 14. exd4 Be6 15. Bc4 Bxc4 16. Qxc4 Nxd4 17. Nxd4 Qxd4 18. Qxd4 Bxd4 19. Rad1 e5 20. Rb1 Rfc8 21. Rfc1 a6 22. Kf1 f5 23. f3 Kf7 24. Ke2 Ke6 25. h3 h5 26. Kd3 Kd5 27. Ke2 g5 28. Kd3 e4+ 29. fxe4+ fxe4+ 30. Ke2 Rf8 31. Rf1 Rac8 32. Rbc1 Rxc1 33. Bxc1 Rxf1 34. Kxf1 g4 35. hxg4 hxg4 36. Ke2 Kc4 37. Bd2 Bc3 38. Bc1 Bxb4 39. Ke3 Kd5 40. Kf4 Kd4 41. Kxg4 Kd3 42. Kg3 Bd2 43. Ba3 e3 44. Bc5 e2 45. Bf2 e1=Q 46. Bxe1 Bxe1+ 47. Kf3 Kc2 48. g4 Kb2 49. Ke2 Bc3 50. Kd3 Bg7 51. Kc4 Kxa2 52. Kb4 Kb2 53. Ka5 Kc3 54. Kxa6 Kd4 55. g5 Ke4 56. Kb5 Kf5 57. Kc4 Kxg5 1/2-1/2


[Site "https://www.chess.com"]

[Event "Titled Tuesday Blitz January 25 2022"]
[White "Shevchenko, Kirill"]
[Black "Mischuk, Dmitry"]
[WhiteFideId "14129574"]
[BlackFideId "14118734"]
[WhiteElo "2624"]
[BlackElo "2256"]
[Result "1-0"]
[Round "03"]
[TimeControl "180+1"]
[Date "2022.01.26"]
[WhiteClock "0:00:08"]
[BlackClock "0:00:03"]

1. d4 Nf6 2. Bg5 Ne4 3. Bf4 c5 4. f3 Nf6 5. d5 d6 6. e4 g6 7. c4 Bg7 8. Nc3 Na6 9. Bd3 Nc7 10. Nge2 Rb8 11. a4 Na6 12. Rc1 Nb4 13. Bb1 a6 14. O-O O-O 15. Qd2 Re8 16. Bh6 Bh8 17. Nf4 Nd7 18. b3 Ne5 19. h3 f6 20. Ne6 Qa5 21. Be3 Bxe6 22. dxe6 Nbc6 23. f4 Nd4 24. fxe5 Nxb3 25. Qf2 Nxc1 26. Nd5 Qxa4 27. exf6 exf6 28. Rxc1 Rxe6 29. h4 Qd7 30. h5 b5 31. hxg6 hxg6 32. Nf4 g5 33. Nxe6 Qxe6 34. Ba2 b4 35. Bb3 Qxe4 36. Re1 Re8 37. Bd2 Qg6 38. Rxe8+ Qxe8 39. Qf5 Bg7 40. Bc2 Qe5 41. Qxe5 dxe5 42. g4 f5 43. Bxf5 e4 44. Bxe4 b3 45. Ba5 Bd4+ 46. Kg2 Kg7 47. Kf3 Kf6 48. Bb1 Ke5 49. Bc7+ Kf6 50. Ke4 Bc3 51. Kd3 Bb4 52. Bd8+ Kf7 53. Bxg5 a5 54. Bc2 bxc2 55. Kxc2 a4 56. Bf4 a3 57. Be5 Kg6 58. Bf4 Kf6 59. Kb3 Kg6 60. Bc1 Kf6 61. Bxa3 Ba5 62. Bc1 Kg6 63. Ka4 Bb4 64. Kb5 Kf6 65. Kc6 Kg6 66. Kd5 Kf6 67. Ke4 Kg6 68. Bf4 Bc3 69. Be5 Bb4 70. Bc7 Kg5 71. Kf3 Bc3 72. Bd8+ Kg6 73. Be7 Bd4 74. Ke4 Bg1 75. Kd5 Bf2 76. Bxc5 Bh4 77. Be3 Kf7 78. c5 Ke7 79. c6 Kd8 80. g5 Ke8 81. g6 Bg3 82. Bd4 Kf8 83. Be5 1-0


[Site "https://www.chess.com"]

[Event "Titled Tuesday Blitz January 25 2022"]
[White "Shkapenko, Pavel"]
[Black "Nozdrachev, Leonid"]
[WhiteFideId "4151933"]
[BlackFideId "24113433"]
[WhiteElo "2386"]
[BlackElo "2124"]
[Result "1-0"]
[Round "03"]
[TimeControl "180+1"]
[Date "2022.01.26"]
[WhiteClock "0:00:43"]
[BlackClock "0:00:16"]

1. e4 c6 2. d4 d5 3. e5 Bf5 4. h4 h5 5. Bd3 Bxd3 6. Qxd3 Qa5+ 7. Nd2 Qa6 8. c4 e6 9. Ne2 Bb4 10. O-O Ne7 11. b3 Nf5 12. Nf3 Be7 13. Bg5 Nd7 14. Ng3 g6 15. Nxf5 gxf5 16. Bxe7 Kxe7 17. Qd2 Rag8 18. cxd5 cxd5 19. Qb4+ Kd8 20. Ng5 Rg7 21. Rfc1 Rhg8 22. Rc2 Qb6 23. Qa3 Qa6 24. Qxa6 bxa6 25. Rac1 Rxg5 26. hxg5 Rxg5 27. Rc8+ Ke7 28. R1c7 Rg4 29. Ra8 f6 30. Raxa7 1-0


[Site "https://www.chess.com"]

[Event "Titled Tuesday Blitz January 25 2022"]
[White "Siddharth, Jagadeesh"]
[Black "Nakamura, Hikaru"]
[WhiteFideId "5818320"]
[BlackFideId "2016192"]
[WhiteElo "2127"]
[BlackElo "2850"]
[Result "0-1"]
[Round "03"]
[TimeControl "180+1"]
[Date "2022.01.26"]
[WhiteClock "0:00:05"]
[BlackClock "0:00:17"]

1. d4 g6 2. Nf3 Bg7 3. g3 d6 4. Bg2 Bd7 5. Nc3 Qc8 6. h4 c5 7. dxc5 Qxc5 8. Be3 Qa5 9. Qd2 Bxc3 10. bxc3 Nf6 11. Bd4 e5 12. Be3 Ne4 13. Qd3 Bb5 14. Qxe4 Qxc3+ 15. Kd1 Qxa1+ 16. Kd2 Qxa2 17. Nxe5 Qa5+ 18. Kd1 Qa1+ 19. Kd2 Qxe5 20. Qxb7 O-O 21. Qxa8 Rc8 22. Rc1 d5 23. Qb7 Qc3+ 24. Kd1 Ba4 25. Bd2 Qc5 26. Ke1 Re8 27. Qxd5 Qe7 28. Be3 Bc6 29. Qxc6 Nxc6 30. Bxc6 Rc8 31. Bb5 Qb4+ 0-1


[Site "https://www.chess.com"]